[Event "December 5 Early 2023"]
[Site "https://www.chess.com"]
[Date "2023.12.05"]
[Round "8"]
[White "Novozhilov, Semen"]
[Black "Saravana, Krishnan P."]
[Result "1-0"]
[Board "51"]
[TimeControl "180+1"]
[WhiteFideId "24289167"]
[BlackFideId "5018382"]
[WhiteElo "2710"]
[BlackElo "2560"]
[WhiteTeam "RUS"]
[BlackTeam "IND"]
[WhiteClock "0:00:22"]
[BlackClock "0:00:03"]

1. d4 d5 2. c4 c6 3. cxd5 cxd5 4. Bg5 Nc6 5. Nc3 f6 6. Bh4 Nh6 7. f3 Nf5 8. Bf2 e6 9. g4 Nd6 10. e3 Be7 11. Bd3 O-O 12. Nge2 f5 13. O-O fxg4 14. fxg4 Bg5 15. e4 dxe4 16. Nxe4 Nxe4 17. Bxe4 e5 18. d5 Ne7 19. d6 Ng6 20. Qd5+ Kh8 21. Bc5 Bd7 22. Qxb7 Rxf1+ 23. Rxf1 Rb8 24. Qc7 Qe8 25. b3 Nf4 26. Nxf4 Bxf4 27. Bf5 Rd8 28. Bb4 h6 29. Ba5 Be3+ 30. Kg2 Bc6+ 31. Kh3 Ra8 32. d7 Bxd7 33. Qxd7 Qf8 34. Bd3 Bf4 35. Qf5 Qg8 36. Bc7 Rf8 37. Qg6 Rf6 38. Qe4 g6 39. Bxe5 Bxe5 40. Qxe5 1-0

[Event "December 5 Early 2023"]
[Site "https://www.chess.com"]
[Date "2023.12.05"]
[Round "8"]
[White "Estrada Nieto, Julian"]
[Black "Arabidze, Meri"]
[Result "1-0"]
[Board "52"]
[TimeControl "180+1"]
[WhiteFideId "5101018"]
[BlackFideId "13604040"]
[WhiteElo "2532"]
[BlackElo "2708"]
[WhiteTeam "ESP"]
[BlackTeam "GEO"]
[WhiteClock "0:00:10"]
[BlackClock "0:00:01"]

1. e4 c5 2. Nf3 e6 3. c3 Nf6 4. e5 Nd5 5. Bc4 Nc6 6. d4 cxd4 7. cxd4 d6 8. O-O Nb6 9. Bb3 Be7 10. Qe2 O-O 11. Nc3 Bd7 12. Rd1 d5 13. Bc2 Nb4 14. Bb1 a5 15. a3 Nc6 16. Qd3 g6 17. Bh6 Re8 18. Ba2 Na7 19. Qe3 Rc8 20. Qf4 Nc4 21. Ng5 f6 22. exf6 Bxf6 23. Bxc4 Rxc4 24. Nf3 Nc6 25. Bg5 Rf8 26. Bxf6 Qxf6 27. Qxf6 Rxf6 28. Rd3 Rf4 29. Rad1 a4 30. h3 h6 31. Ne2 Rf8 32. R1d2 g5 33. Re3 Kg7 34. Ne5 Nxe5 35. dxe5 b5 36. f3 b4 37. Nd4 Rb8 38. axb4 Rcxb4 39. Rc3 R8b7 40. Rcc2 Kf7 41. Kf2 Ke7 42. Ke3 Ra7 43. Rc3 Rab7 44. Rcc2 h5 45. g3 h4 46. gxh4 gxh4 47. f4 Be8 48. Rg2 Rc4 49. Rg7+ Bf7 50. Rxc4 dxc4 51. f5 exf5 52. e6 f4+ 53. Kxf4 Rxb2 54. Rxf7+ Kd6 55. Rd7+ Kc5 56. e7 Rf2+ 57. Ke3 Rf1 58. e8=Q Re1+ 59. Ne2 Kb4 60. Qb8+ Ka3 61. Qd6+ Ka2 62. Ra7 c3 63. Rxa4+ Kb1 64. Qb4+ Kc2 65. Ra2+ Kd1 66. Qxc3 Rxe2+ 67. Kf3 Rxa2 68. Qb3+ Kc1 69. Qxa2 Kd1 70. Kg4 1-0

[Event "December 5 Early 2023"]
[Site "https://www.chess.com"]
[Date "2023.12.05"]
[Round "8"]
[White "Prohaszka, Peter"]
[Black "Krzywda, Andrzej"]
[Result "1-0"]
[Board "53"]
[TimeControl "180+1"]
[WhiteFideId "726265"]
[BlackFideId "1114565"]
[WhiteElo "2676"]
[BlackElo "2521"]
[WhiteTeam "HUN"]
[BlackTeam "POL"]
[WhiteClock "0:01:30"]
[BlackClock "0:00:07"]

1. e4 e5 2. Nf3 Nf6 3. Nc3 Bb4 4. Nxe5 O-O 5. d3 d5 6. Bd2 Re8 7. f4 Bxc3 8. Bxc3 dxe4 9. dxe4 Qxd1+ 10. Rxd1 Nxe4 11. Bc4 Nd6 12. Rxd6 cxd6 13. Bxf7+ Kf8 14. Bxe8 dxe5 15. Ba4 exf4 16. O-O g5 17. h4 h6 18. Bf6 Bd7 19. Bb3 Bb5 20. c4 Bc6 21. hxg5 Nd7 22. Rxf4 hxg5 23. Bxg5+ Kg7 24. Rg4 Ne5 25. Rg3 Nf7 26. Be7+ Kh8 27. Bc2 Ne5 28. Bf6# 1-0

[Event "December 5 Early 2023"]
[Site "https://www.chess.com"]
[Date "2023.12.05"]
[Round "8"]
[White "Goryachkina, Aleksandra"]
[Black "Ljukin, Sergei"]
[Result "1-0"]
[Board "54"]
[TimeControl "180+1"]
[WhiteFideId "4147103"]
[BlackFideId "14102200"]
[WhiteElo "2671"]
[BlackElo "2494"]
[WhiteTeam "FID"]
[BlackTeam "UKR"]
[WhiteClock "0:00:27"]
[BlackClock "0:00:08"]

1. e4 e6 2. d4 d5 3. Nd2 Nf6 4. e5 Nfd7 5. Bd3 c5 6. c3 Nc6 7. Ne2 cxd4 8. cxd4 f6 9. exf6 Qxf6 10. Nf3 h6 11. O-O Bd6 12. Ng3 O-O 13. Bc2 Rd8 14. Nh5 Qf7 15. Nh4 Nf6 16. Bg6 Qf8 17. Bf4 Nxh5 18. Bxd6 Rxd6 19. Qxh5 Nxd4 20. Rad1 Nc6 21. f4 Bd7 22. Bb1 Ne7 23. Nf3 Qxf4 24. Ne5 Qg5 25. Qf7+ Kh8 26. Qf8+ Rxf8 27. Rxf8+ Ng8 28. Nf7# 1-0

[Event "December 5 Early 2023"]
[Site "https://www.chess.com"]
[Date "2023.12.05"]
[Round "8"]
[White "Hjartarson, Johann"]
[Black "Galchenko, Matvey"]
[Result "1-0"]
[Board "55"]
[TimeControl "180+1"]
[WhiteFideId "2300044"]
[BlackFideId "24175480"]
[WhiteElo "2591"]
[BlackElo "2928"]
[WhiteTeam "ISL"]
[BlackTeam "FID"]
[WhiteClock "0:00:36"]
[BlackClock "0:00:03"]

1. c4 e6 2. Nc3 d5 3. d4 c6 4. e4 dxe4 5. Nxe4 Bb4+ 6. Bd2 Qxd4 7. Bxb4 Qxe4+ 8. Be2 Na6 9. Bd6 Qxg2 10. Qd2 e5 11. Bf3 Qg6 12. Bxe5 Bf5 13. O-O-O Ne7 14. Ne2 Nc5 15. Nf4 Qh6 16. Rhg1 f6 17. Bd6 O-O-O 18. Qe3 Rxd6 19. Rxd6 Ng6 20. Nh5 Nd3+ 21. Kd2 Qxe3+ 22. fxe3 Nde5 23. Be2 Kc7 24. Rd4 c5 25. Rd5 Be6 26. Rxc5+ Kd6 27. Rb5 Bxc4 28. Rxb7 Bd5 29. Rxg7 a5 30. Nxf6 Bc6 31. Kc3 Rf8 32. Rd1+ Ke6 33. Nxh7 Rf2 34. Rd2 Rf6 35. Nxf6 Kxf6 36. Rxg6+ Nxg6 37. Rd6+ Ke5 1-0

[Event "December 5 Early 2023"]
[Site "https://www.chess.com"]
[Date "2023.12.05"]
[Round "8"]
[White "Shubenkova, Veronika"]
[Black "Molina, Roberto Junio Brito"]
[Result "0-1"]
[Board "56"]
[TimeControl "180+1"]
[WhiteFideId "44124040"]
[BlackFideId "2109450"]
[WhiteElo "2589"]
[BlackElo "2801"]
[WhiteTeam "RUS"]
[BlackTeam "BRA"]
[WhiteClock "0:00:07"]
[BlackClock "0:00:13"]

1. e4 c6 2. d4 d5 3. Nc3 dxe4 4. Nxe4 Nd7 5. Nf3 Ngf6 6. Nxf6+ Nxf6 7. c3 Bg4 8. Be2 e6 9. O-O Bd6 10. Bg5 Qa5 11. Bd2 Qc7 12. h3 Bh5 13. Qb3 O-O 14. Rfe1 Rfe8 15. c4 c5 16. Be3 b6 17. Rad1 Rad8 18. Bg5 cxd4 19. Bxf6 gxf6 20. Nxd4 Bxe2 21. Nxe2 f5 22. Nd4 a6 23. Nf3 Bc5 24. Rxd8 Rxd8 25. Rd1 Rd6 26. Rxd6 Qxd6 27. Qc2 f6 28. a3 a5 29. a4 Kg7 30. Qe2 Kf7 31. Ne1 Qf4 32. Nd3 Qe4 33. Qxe4 fxe4 34. Nxc5 bxc5 35. Kf1 f5 36. Ke2 Kf6 37. Ke3 h5 38. h4 e5 39. g3 Ke6 40. b3 Kf6 41. f4 exf3 42. Kxf3 e4+ 43. Kf4 Ke6 44. Ke3 Ke5 45. Ke2 f4 46. gxf4+ Kxf4 47. Kf2 e3+ 48. Ke2 Ke4 49. b4 cxb4 50. c5 Kd5 51. c6 Kxc6 52. Kxe3 Kd5 53. Kd3 Ke5 0-1

[Event "December 5 Early 2023"]
[Site "https://www.chess.com"]
[Date "2023.12.05"]
[Round "8"]
[White "1mbl4"]
[Black "Yeremyan, Alen"]
[Result "0-1"]
[Board "57"]
[TimeControl "180+1"]
[BlackFideId "13308998"]
[WhiteElo "2580"]
[BlackElo "2789"]
[BlackTeam "ARM"]
[WhiteClock "0:00:08"]
[BlackClock "0:01:02"]

1. d4 Nf6 2. Bf4 g6 3. Nc3 d5 4. e3 Bg7 5. h4 O-O 6. h5 c6 7. Bd3 c5 8. dxc5 Nc6 9. hxg6 hxg6 10. Nf3 Bg4 11. Be2 Qa5 12. O-O Qxc5 13. Bg5 Ne4 14. Bh4 Nxc3 15. bxc3 Bxc3 16. Rb1 b6 17. Bg3 e6 18. Qd3 Bg7 19. Rb5 Qe7 20. c4 Rad8 21. cxd5 exd5 22. Rc1 d4 23. Rxc6 Bd7 24. Bd6 Qe6 25. Bxf8 Bxc6 26. Bxg7 Bxb5 27. Qxb5 Kxg7 28. Nxd4 Qd5 29. Qb2 Kg8 30. Bf3 Qe5 31. Qc2 Kg7 32. Ne6+ Qxe6 33. Qc7 Qd6 34. Qc3+ Kg8 0-1

[Event "December 5 Early 2023"]
[Site "https://www.chess.com"]
[Date "2023.12.05"]
[Round "8"]
[White "Morgunov, Marc"]
[Black "Halkias, Stelios"]
[Result "0-1"]
[Board "58"]
[TimeControl "180+1"]
[WhiteFideId "1640305"]
[BlackFideId "4201809"]
[WhiteElo "2577"]
[BlackElo "2760"]
[WhiteTeam "AUT"]
[BlackTeam "GRE"]
[WhiteClock "0:00:00"]
[BlackClock "0:00:05"]

1. e4 e5 2. Nf3 Nc6 3. Bb5 a6 4. Ba4 Nf6 5. O-O Be7 6. Re1 b5 7. Bb3 d6 8. c3 O-O 9. a4 Bb7 10. Qe2 Nb8 11. Bc2 Nbd7 12. d4 c6 13. Nbd2 Re8 14. b4 Bf8 15. Qd3 c5 16. axb5 axb5 17. Rxa8 Qxa8 18. Qxb5 cxd4 19. cxd4 Rb8 20. Qd3 Ba6 21. Qb3 d5 22. Nxe5 Nxe5 23. dxe5 Rxb4 24. Qa2 Nxe4 25. Nxe4 dxe4 26. Bb3 Qb7 27. Bxf7+ Qxf7 28. Qxa6 Qc4 29. Qxc4+ Rxc4 30. Bf4 Kf7 31. Rb1 Ke6 32. Kf1 Bc5 33. Ke2 Rc2+ 34. Bd2 Bxf2 35. Kxf2 Rxd2+ 36. Ke3 Rxg2 37. Kxe4 Rxh2 38. Rb6+ Kf7 39. Rb7+ Kg6 40. Rb6+ Kg5 41. Rb7 g6 42. Kd5 h5 43. e6 Re2 44. Kd6 h4 45. e7 Kg4 0-1

[Event "December 5 Early 2023"]
[Site "https://www.chess.com"]
[Date "2023.12.05"]
[Round "8"]
[White "Sokolovsky, Yahli"]
[Black "Tifferet, Shakked"]
[Result "1-0"]
[Board "60"]
[TimeControl "180+1"]
[WhiteFideId "2820242"]
[BlackFideId "2811529"]
[WhiteElo "2747"]
[BlackElo "2561"]
[WhiteTeam "ISR"]
[BlackTeam "ISR"]
[WhiteClock "0:00:05"]
[BlackClock "0:00:00"]

1. b3 d6 2. Bb2 e5 3. c4 Nd7 4. e3 Ngf6 5. d4 g6 6. Nf3 exd4 7. exd4 Bg7 8. Be2 O-O 9. O-O Re8 10. Nc3 Nb6 11. d5 Bg4 12. Qd2 Nbd7 13. h3 Bxf3 14. Bxf3 Nc5 15. Rfe1 Qd7 16. b4 Na4 17. Nxa4 Qxa4 18. a3 Rxe1+ 19. Rxe1 Re8 20. Bd1 Qd7 21. Bc2 Nh5 22. Bc1 Be5 23. Re4 f5 24. Re1 Bf4 25. Qd1 Rxe1+ 26. Qxe1 Bxc1 27. Qxc1 Qe7 28. Qe3 Qxe3 29. fxe3 Nf6 30. Kf2 Kf7 31. Kf3 Nd7 32. Bb3 Kf6 33. e4 h5 34. exf5 Kxf5 35. Bc2+ Kf6 36. Ke4 b6 37. Kd4 g5 38. Bd1 h4 39. Bg4 Ne5 40. Be2 Ng6 41. c5 Nf4 42. Bf1 Ke7 43. Ke4 bxc5 44. bxc5 dxc5 45. Kf5 Nxd5 46. Kxg5 Ne3 47. Bd3 c4 48. Be4 c3 49. Kxh4 c2 50. Bxc2 Nxc2 51. a4 Nd4 52. Kg4 c5 53. Kf4 c4 54. Ke4 c3 55. Kd3 c2 56. Kd2 Kf6 57. h4 Kf5 58. h5 Kg5 59. g4 a5 60. Kc1 Nf3 61. Kxc2 Ne5 62. Kc3 Nc6 63. Kc4 Kxg4 64. h6 Ne5+ 65. Kb5 Nf7 66. h7 Kf5 67. Kxa5 Kg6 68. Kb6 Kxh7 69. Kc7 Ng5 70. a5 Ne6+ 71. Kb6 Nf4 72. a6 Nd5+ 73. Kb7 1-0

[Event "December 5 Early 2023"]
[Site "https://www.chess.com"]
[Date "2023.12.05"]
[Round "8"]
[White "Gabrielian, Artur"]
[Black "Shuvalov, Evgenij"]
[Result "1-0"]
[Board "61"]
[TimeControl "180+1"]
[WhiteFideId "4131002"]
[BlackFideId "4187237"]
[WhiteElo "2715"]
[BlackElo "2559"]
[WhiteTeam "RUS"]
[BlackTeam "FID"]
[WhiteClock "0:00:13"]
[BlackClock "0:00:17"]

1. e4 e6 2. d4 d5 3. Nc3 Bb4 4. e5 c5 5. a3 Bxc3+ 6. bxc3 Ne7 7. Qg4 Qc7 8. Qxg7 Rg8 9. Qxh7 cxd4 10. Ne2 Nbc6 11. f4 Bd7 12. Qd3 dxc3 13. Qxc3 Nf5 14. Rb1 d4 15. Qd3 Na5 16. Bd2 O-O-O 17. Ng3 Nxg3 18. hxg3 Ba4 19. Rb2 a6 20. Be2 Bb5 21. Rxb5 axb5 22. Qxb5 Nc6 23. Qd3 Rh8 24. Rh3 Ne7 25. g4 Qb6 26. Qc4+ Nc6 27. Rb3 Rh1+ 28. Kf2 Qa7 29. Bf3 Rd7 30. Bxc6 Rc7 31. Rxb7 Rxb7 32. Bxb7+ Kxb7 33. Qb5+ Qb6 34. Qd7+ Qc7 35. Qxd4 Qxc2 36. Qb4+ Kc8 37. Qf8+ Kb7 38. Qxf7+ Kb8 39. Qe8+ Kb7 40. Qd7+ Kb8 41. Qd6+ Kb7 42. Qb4+ Ka8 43. Qa5+ Kb7 44. Qb4+ Ka8 45. Qc3 Qe4 46. Qc8+ Ka7 47. Be3+ Qxe3+ 48. Kxe3 1-0

[Event "December 5 Early 2023"]
[Site "https://www.chess.com"]
[Date "2023.12.05"]
[Round "8"]
[White "Matinian, Nikita"]
[Black "Erzhanov, Arman"]
[Result "1-0"]
[Board "62"]
[TimeControl "180+1"]
[WhiteFideId "24129100"]
[BlackFideId "4138821"]
[WhiteElo "2710"]
[BlackElo "2555"]
[WhiteTeam "FID"]
[BlackTeam "KAZ"]
[WhiteClock "0:00:07"]
[BlackClock "0:00:17"]

1. e4 d6 2. d4 Nf6 3. Nc3 c6 4. f4 d5 5. e5 Ng8 6. Be3 h5 7. Qd2 g6 8. Nf3 Nh6 9. O-O-O Bg4 10. Be2 e6 11. g3 Nf5 12. Bf2 h4 13. Nxh4 Bxe2 14. Nxe2 Nxh4 15. gxh4 Be7 16. Ng1 Bxh4 17. Nf3 Be7 18. h4 Nd7 19. Rdg1 Rh5 20. Nh2 Qb6 21. Nf1 O-O-O 22. Ng3 Rh7 23. h5 gxh5 24. Rxh5 Rdh8 25. Rxh7 Rxh7 26. f5 Bf8 27. fxe6 fxe6 28. Ne2 Nxe5 29. Rg8 Rf7 30. Qh6 Nd7 31. Nf4 Rf6 32. Qxf6 Nxf6 33. Rxf8+ Kd7 34. Rf7+ Kc8 35. Rxf6 Qa6 36. Nxe6 Qxa2 37. Rf8+ Kd7 38. Nc5+ Ke7 39. Rb8 b6 40. Nd3 Qa1+ 41. Kd2 Qa5+ 42. c3 Qa1 43. Rb7+ Ke6 44. Rh7 Kf5 45. Rh5+ Kg4 46. Rh6 Kf3 47. Rf6+ Kg2 48. Rxc6 Qh1 49. Rg6+ Kf3 50. Rg3+ Ke4 51. Rg4+ Kf5 52. Rf4+ Kg5 53. Be3 Kg6 54. Rf2 Qh3 55. Nf4+ Kf5 56. Nxh3+ Kg4 57. Ng1 Kg3 58. Rf8 Kg4 59. Ne2 a5 60. Bf2 Kh5 61. Rg8 Kh6 62. Rg1 Kh7 63. Bh4 Kh6 64. Bf6 Kh5 65. Nf4+ Kh6 66. Rg6+ Kh7 67. Rg7+ Kh6 68. Rg8 b5 69. Rh8# 1-0

[Event "December 5 Early 2023"]
[Site "https://www.chess.com"]
[Date "2023.12.05"]
[Round "8"]
[White "Iskusnyh, Sergei"]
[Black "Kislinsky, Alexey"]
[Result "1/2-1/2"]
[Board "63"]
[TimeControl "180+1"]
[WhiteFideId "4120027"]
[BlackFideId "14108801"]
[WhiteElo "2553"]
[BlackElo "2706"]
[WhiteTeam "RUS"]
[BlackTeam "CZE"]
[WhiteClock "0:00:25"]
[BlackClock "0:00:54"]

1. d4 Nf6 2. c4 c5 3. d5 b5 4. cxb5 a6 5. e3 e6 6. Nc3 exd5 7. Nxd5 Bb7 8. Bc4 axb5 9. Nxf6+ Qxf6 10. Bd5 Bxd5 11. Qxd5 Qc6 12. Qe5+ Qe6 13. Qg3 Nc6 14. Nf3 Qg6 15. Qh3 Qd3 16. Bd2 Be7 17. Bc3 O-O 18. Rd1 Qc4 19. Nd2 Qxa2 20. Qxd7 b4 21. Qxc6 bxc3 22. bxc3 Rfd8 23. O-O Qc2 24. Nf3 Rxd1 25. Qxa8+ Bd8 26. g3 g6 27. Rxd1 Qxd1+ 28. Kg2 Kg7 29. c4 Bf6 30. Qe4 h5 31. h4 Qc1 32. Ne5 Qc3 33. Nd3 Qc2 34. Kf3 Qd2 35. Kg2 Qc2 36. Kf3 Qd1+ 37. Kg2 Qc2 1/2-1/2

[Event "December 5 Early 2023"]
[Site "https://www.chess.com"]
[Date "2023.12.05"]
[Round "8"]
[White "Aradhya, Garg"]
[Black "Yelisieiev, Yevhenii"]
[Result "1/2-1/2"]
[Board "64"]
[TimeControl "180+1"]
[WhiteFideId "25006746"]
[BlackFideId "14139642"]
[WhiteElo "2702"]
[BlackElo "2549"]
[WhiteTeam "IND"]
[BlackTeam "GER"]
[WhiteClock "0:00:13"]
[BlackClock "0:00:08"]

1. d4 d6 2. g3 Nf6 3. Bg2 Nbd7 4. Nf3 e5 5. dxe5 dxe5 6. O-O c6 7. c4 Bc5 8. Nc3 a5 9. Bg5 h6 10. Bxf6 Qxf6 11. Ne4 Qe7 12. Nxc5 Nxc5 13. Qd2 O-O 14. Qe3 Re8 15. Rfd1 Bf5 16. Nd2 a4 17. b4 axb3 18. axb3 f6 19. Ne4 Bxe4 20. Bxe4 Ne6 21. Bg6 Red8 22. Rxa8 Rxa8 23. Bf5 Kf8 24. Bxe6 Qxe6 25. Qd3 Qe7 26. Qd7 Re8 27. e4 Qxd7 28. Rxd7 Re7 29. Rd8+ Re8 30. Rd2 Ke7 31. Kg2 Ra8 32. Kf3 Ra3 33. Rd3 Ra2 34. Ke3 Rb2 35. h4 h5 36. f4 exf4+ 37. Kxf4 Rf2+ 38. Ke3 Rb2 39. Kf4 Ke6 40. g4 hxg4 41. Kxg4 g6 42. Kf3 Ke5 43. c5 Rh2 44. Kg3 Rc2 45. b4 Rb2 46. Rd7 Rxb4 47. Re7+ Kd4 48. Re6 Kxc5 49. Rxf6 Rxe4 50. Rxg6 b5 51. h5 b4 52. h6 Re8 53. h7 Rh8 54. Rg7 Kb6 55. Kf2 b3 56. Rg3 Rxh7 57. Rxb3+ Kc5 58. Ke2 Rd7 59. Rc3+ Kb5 60. Rc1 c5 61. Rb1+ Kc4 62. Rc1+ Kb4 63. Rb1+ Kc4 64. Rc1+ Kb5 65. Rb1+ Kc6 66. Rc1 Rd4 67. Rd1 Rxd1 68. Kxd1 Kd5 69. Kc1 Ke4 70. Kc2 Kd5 71. Kd3 c4+ 72. Kc3 Kc5 73. Kc2 Kd4 74. Kd2 c3+ 75. Kc2 Kc4 76. Kc1 Kd3 77. Kd1 c2+ 78. Kc1 Kc3 1/2-1/2

[Event "December 5 Early 2023"]
[Site "https://www.chess.com"]
[Date "2023.12.05"]
[Round "8"]
[White "Silva Lucena, Cristian"]
[Black "Karthik Rajaa"]
[Result "0-1"]
[Board "65"]
[TimeControl "180+1"]
[WhiteFideId "2232588"]
[BlackFideId "25035215"]
[WhiteElo "2543"]
[BlackElo "2699"]
[WhiteTeam "ESP"]
[BlackTeam "IND"]
[WhiteClock "0:00:19"]
[BlackClock "0:00:14"]

1. d4 Nf6 2. c4 g6 3. Nc3 Bg7 4. e4 d6 5. f3 O-O 6. Be3 c5 7. Nge2 Nc6 8. Qd2 Qa5 9. d5 Ne5 10. Nc1 a6 11. h3 Nh5 12. f4 Ng3 13. fxe5 Nxh1 14. exd6 exd6 15. Bf4 Qd8 16. g3 Bd4 17. Nd3 f5 18. Bg2 fxe4 19. Nxe4 Re8 20. O-O-O Bf5 21. Bg5 Qc7 22. Nf6+ Bxf6 23. Bxf6 Nxg3 24. Nf4 Ne4 25. Bxe4 Rxe4 26. Ne6 Rxc4+ 27. Bc3 Qa5 28. Qe3 Qxa2 29. Kd2 Rxc3 30. Qxc3 Qxd5+ 31. Kc1 Qxe6 32. Re1 Qf7 33. Qd2 Re8 34. Rd1 Qf6 35. Qd5+ Re6 36. Qxb7 Qg5+ 37. Rd2 Re1# 0-1

[Event "December 5 Early 2023"]
[Site "https://www.chess.com"]
[Date "2023.12.05"]
[Round "8"]
[White "Tasev, Dejan"]
[Black "Khamdamova, Afruza"]
[Result "1-0"]
[Board "66"]
[TimeControl "180+1"]
[WhiteFideId "936618"]
[BlackFideId "14210444"]
[WhiteElo "2667"]
[BlackElo "2539"]
[WhiteTeam "SRB"]
[BlackTeam "UZB"]
[WhiteClock "0:00:09"]
[BlackClock "0:00:02"]

1. e4 e5 2. Nf3 Nc6 3. Bb5 a6 4. Ba4 Nf6 5. O-O Be7 6. Re1 b5 7. Bb3 d6 8. c3 O-O 9. h3 Bb7 10. d4 Re8 11. Nbd2 Bf8 12. Bc2 h6 13. d5 Nb8 14. b3 c6 15. c4 Nbd7 16. Bd3 Nc5 17. Bf1 bxc4 18. bxc4 a5 19. Ba3 cxd5 20. cxd5 Ba6 21. Bxc5 dxc5 22. Bxa6 Rxa6 23. Nc4 Bd6 24. Rb1 Qc7 25. Qa4 Nd7 26. Rb3 Rea8 27. Reb1 R8a7 28. Nh4 g6 29. Nf3 Kg7 30. Nfd2 Be7 31. Nf1 Nf6 32. Na3 Qd7 33. Qc4 a4 34. R3b2 Ne8 35. Nb5 Rb7 36. Nc3 Rxb2 37. Rxb2 Ra7 38. Ne3 Nd6 39. Qd3 Rb7 40. Rc2 Rb4 41. a3 Rd4 42. Qa6 Nxe4 43. Nxe4 Rxe4 44. Rd2 Bg5 45. Rd3 Bxe3 46. fxe3 c4 47. Rd1 Rxe3 48. d6 c3 49. Qc4 Qa7 50. Kh1 Qd7 51. Qc7 Rxh3+ 52. Kg1 Qg4 53. Rf1 Qe6 54. d7 Rd3 55. d8=Q Rxd8 56. Qxd8 c2 57. Qd2 Qb6+ 58. Kh1 Qb3 59. Qc1 Qc4 60. Qe1 c1=Q 61. Qxc1 Qh4+ 62. Kg1 Qd4+ 63. Rf2 Qd5 64. Qf1 Qd4 65. Qe2 e4 66. Qd2 Qc4 67. Qb2+ Kh7 68. Qf6 e3 69. Qxf7+ Qxf7 70. Rxf7+ 1-0

[Event "December 5 Early 2023"]
[Site "https://www.chess.com"]
[Date "2023.12.05"]
[Round "8"]
[White "Ozates, Tuna"]
[Black "Vlassov, Nikolai"]
[Result "1/2-1/2"]
[Board "67"]
[TimeControl "180+1"]
[WhiteFideId "6354521"]
[BlackFideId "4103360"]
[WhiteElo "2539"]
[BlackElo "2660"]
[WhiteTeam "TUR"]
[BlackTeam "FID"]
[WhiteClock "0:00:24"]
[BlackClock "0:00:30"]

1. e4 Nc6 2. Nf3 d5 3. exd5 Qxd5 4. Nc3 Qa5 5. h3 Nf6 6. Bb5 Bd7 7. d4 a6 8. Bd3 O-O-O 9. O-O e5 10. dxe5 Nxe5 11. Nxe5 Qxe5 12. Re1 Qh5 13. Qxh5 Nxh5 14. Bg5 f6 15. Be3 Bd6 16. a3 g6 17. Bd4 Rhe8 18. Nd5 f5 19. Nf6 Nxf6 20. Bxf6 Rxe1+ 21. Rxe1 Re8 22. Rxe8+ Bxe8 23. Bc4 Kd7 24. g3 b5 25. Bg8 c5 26. Bxh7 Ke6 27. Bc3 Bf7 28. Kg2 b4 29. axb4 cxb4 30. Bd2 a5 31. g4 a4 32. Bc1 a3 33. bxa3 bxa3 34. Kf3 Ke5 35. Ke3 Bc5+ 36. Kd3 a2 37. f4+ Ke6 38. Bb2 Bd6 39. Ke3 Bc5+ 40. Kd3 Ba3 41. Ba1 Bc1 42. c4 Bxf4 43. gxf5+ gxf5 44. Kc2 Be5 45. Bxf5+ Kxf5 46. Bxe5 Kxe5 47. Kb2 Bxc4 48. h4 1/2-1/2

[Event "December 5 Early 2023"]
[Site "https://www.chess.com"]
[Date "2023.12.05"]
[Round "8"]
[White "Slade, Theodore"]
[Black "Kokoszczynski, Jan"]
[Result "0-1"]
[Board "68"]
[TimeControl "180+1"]
[WhiteFideId "426547"]
[BlackFideId "1174460"]
[WhiteElo "2526"]
[BlackElo "2658"]
[WhiteTeam "ENG"]
[BlackTeam "POL"]
[WhiteClock "0:00:08"]
[BlackClock "0:00:02"]

1. d4 g6 2. c4 Bg7 3. e4 d6 4. Nc3 Nc6 5. Be3 e5 6. d5 Nd4 7. Nge2 c5 8. dxc6 Nxc6 9. Qd2 Nge7 10. Rd1 O-O 11. Qxd6 Qa5 12. Qd2 Be6 13. Nc1 Nd4 14. Nb3 Qd8 15. Nxd4 exd4 16. Bxd4 Bxd4 17. Qxd4 Qa5 18. Qd2 Nc6 19. Nd5 Qxa2 20. Nf6+ Kg7 21. Qc3 Qa5 22. Qxa5 Nxa5 23. Nd5 Rfc8 24. Rc1 b5 25. Ne3 bxc4 26. Be2 Rab8 27. Rc2 Rb4 28. O-O Rcb8 29. Ra1 Nb3 30. Rxa7 Nd4 31. Rd2 Nxe2+ 32. Rxe2 Rxb2 33. Rxb2 Rxb2 34. Kf1 Rb6 35. Rc7 Rb1+ 36. Ke2 Rb2+ 37. Ke1 Rb1+ 38. Ke2 Rb2+ 39. Kf3 h5 40. Kg3 Rb3 41. h4 Kf6 42. Kf4 c3 43. Nd1 Rb2 44. Rxc3 Rd2 45. Rc1 Ra2 46. Kg3 Bg4 47. Ne3 Be6 48. Rc6 Ra3 49. Kh2 Ke5 50. Nc4+ Bxc4 51. Rxc4 Ra2 52. f3 Kf4 53. Rc7 Ke3 54. Rxf7 Kf2 55. Rf6 g5 56. hxg5 Ra1 57. e5 Rg1 58. Kh3 Rh1# 0-1

[Event "December 5 Early 2023"]
[Site "https://www.chess.com"]
[Date "2023.12.05"]
[Round "8"]
[White "Masague Artero, Guerau"]
[Black "Antunez Soler, Luis"]
[Result "0-1"]
[Board "69"]
[TimeControl "180+1"]
[WhiteFideId "32098952"]
[BlackFideId "3513335"]
[WhiteElo "2526"]
[BlackElo "2655"]
[WhiteTeam "ESP"]
[BlackTeam "CUB"]
[WhiteClock "0:00:29"]
[BlackClock "0:02:08"]

1. e4 e6 2. Nc3 d5 3. d4 Nf6 4. exd5 exd5 5. Bd3 Bb4 6. Nf3 O-O 7. O-O Bxc3 8. bxc3 Ne4 9. c4 c6 10. h3 Re8 11. Re1 Bf5 12. Bf4 Nd7 13. Rb1 Nc3 14. Rxe8+ Qxe8 15. Qc1 Nxb1 16. Bxf5 Nc3 17. Kh2 Ne2 18. Qd2 Nxf4 19. Qxf4 dxc4 20. Qc7 Qb8 21. Qxb8+ Nxb8 22. Bc8 a5 23. Bxb7 Ra7 24. Bc8 Rc7 25. Bf5 Nd7 26. Kg3 Nb6 27. Kf4 g6 28. Be4 f5 29. Bxf5 gxf5 0-1

[Event "December 5 Early 2023"]
[Site "https://www.chess.com"]
[Date "2023.12.05"]
[Round "8"]
[White "Kuderinov, Kirill"]
[Black "Gutierrez Olivares, Daniel"]
[Result "1-0"]
[Board "70"]
[TimeControl "180+1"]
[WhiteFideId "13701568"]
[BlackFideId "2264005"]
[WhiteElo "2651"]
[BlackElo "2521"]
[WhiteTeam "KAZ"]
[BlackTeam "ESP"]
[WhiteClock "0:00:55"]
[BlackClock "0:01:05"]

1. e4 e6 2. d4 d5 3. Nc3 Bb4 4. e5 Ne7 5. f4 c5 6. Nf3 Nbc6 7. Bd2 Nf5 8. Nb5 Bxd2+ 9. Qxd2 O-O 10. dxc5 f6 11. O-O-O fxe5 12. fxe5 Bd7 13. Bd3 Nce7 14. Bxf5 Nxf5 15. Nd6 Qc7 16. Nxf5 Rxf5 17. Qd4 Raf8 18. Rhe1 Rf4 19. Qe3 Rc4 20. Kb1 Rxc5 21. Nd4 Rc4 22. Rf1 Rxf1 23. Rxf1 Qb6 24. Qf4 h6 25. Qf8+ Kh7 26. Rf7 1-0

[Event "December 5 Early 2023"]
[Site "https://www.chess.com"]
[Date "2023.12.05"]
[Round "8"]
[White "Kuzhylnyi, Oleksandr"]
[Black "Yashmetov, Mikhail"]
[Result "0-1"]
[Board "71"]
[TimeControl "180+1"]
[WhiteFideId "34110500"]
[BlackFideId "24198900"]
[WhiteElo "2648"]
[BlackElo "2519"]
[WhiteTeam "UKR"]
[BlackTeam "RUS"]
[WhiteClock "0:00:24"]
[BlackClock "0:00:19"]

1. b3 e5 2. Bb2 Nc6 3. e3 Nf6 4. Bb5 Bd6 5. Na3 e4 6. Nc4 Be7 7. Bxc6 dxc6 8. Ne2 Be6 9. Nf4 Bg4 10. f3 exf3 11. gxf3 Bf5 12. e4 Bg6 13. h4 Nh5 14. Nxh5 Bxh5 15. Qe2 Bf6 16. O-O-O Bxb2+ 17. Kxb2 b5 18. Ne3 Qf6+ 19. e5 Qxe5+ 20. d4 Qe6 21. Rhe1 O-O 22. Ng4 Qd6 23. Qe5 f5 24. Nh2 Rae8 25. Qxd6 cxd6 26. Kc3 a5 27. Kd2 Kf7 28. Rxe8 Rxe8 29. Rg1 Kf6 30. Rg5 g6 31. Rg2 b4 32. Rf2 f4 33. Nf1 Kf5 34. Kd3 h6 35. Nd2 d5 36. c3 Re3+ 37. Kc2 Rxc3+ 38. Kb2 Rd3 0-1

[Event "December 5 Early 2023"]
[Site "https://www.chess.com"]
[Date "2023.12.05"]
[Round "8"]
[White "Buksa, Nataliya"]
[Black "Spata, German"]
[Result "0-1"]
[Board "72"]
[TimeControl "180+1"]
[WhiteFideId "14123622"]
[BlackFideId "113026"]
[WhiteElo "2516"]
[BlackElo "2642"]
[WhiteTeam "UKR"]
[BlackTeam "ARG"]
[WhiteClock "0:00:14"]
[BlackClock "0:00:13"]

1. d4 Nf6 2. Nc3 e6 3. Bf4 a6 4. a3 d5 5. e3 Bd6 6. Nf3 O-O 7. Bd3 b6 8. O-O Bb7 9. Ne5 Ne4 10. Qe1 f5 11. f3 Nxc3 12. bxc3 Nd7 13. Qg3 Nxe5 14. Bxe5 Bxe5 15. Qxe5 Qd6 16. Qxd6 cxd6 17. c4 Rfc8 18. cxd5 Bxd5 19. a4 Bc4 20. Rfb1 Rab8 21. Ra3 Kf7 22. h4 Ke7 23. Rc3 Bxd3 24. Rxc8 Rxc8 25. cxd3 Rb8 26. Kf2 Kd7 27. d5 exd5 28. Kg3 b5 29. axb5 axb5 30. Rb4 Kc6 31. d4 Kb6 32. Kf4 g6 33. Rb1 Ka5 34. h5 b4 35. hxg6 hxg6 36. Kg5 Ka4 37. Kxg6 b3 38. Kxf5 Ka3 39. Ke6 Ka2 40. Re1 b2 41. Re2 Ka3 42. Rxb2 Kxb2 43. Kxd6 Rd8+ 44. Ke5 Kc3 45. g4 Kd3 46. f4 Kxe3 47. f5 Re8+ 48. Kf6 Kf4 49. g5 Rf8+ 50. Ke6 Rxf5 51. g6 Rg5 52. Kf6 Rg1 53. g7 Ke4 54. Kf7 Kxd4 55. g8=Q Rxg8 56. Kxg8 Ke3 57. Kf7 d4 58. Ke6 d3 0-1